 Dungeon Crawl Stone Soup version 0.15-b1-63-g828a17f (webtiles) character file.

40 BoredOne the Skirmisher (level 3, -2/33 HPs)
             Began as a Minotaur Fighter on Aug 13, 2014.
             Slain by Sigmund
             ... wielding a +0 scythe
              (6 damage)
             ... on Level 2 of the Dungeon.
             The game lasted 00:02:07 (629 turns).

BoredOne the Skirmisher (Minotaur Fighter)           Turns: 629, Time: 00:02:07

HP  -2/33        AC  6     Str 25      XL: 3   Next: 30%
MP   2/2         EV  7     Int  6      God:
Gold 41          SH 10     Dex  9      Spells:  0 memorised,  2 levels left

rFire  . . .     SeeInvis .     a - +0 war axe
rCold  . . .     Clarity  .     b - +0 scale mail
rNeg   . . .     rCorr    .     c - +0 shield
rPois  .         rRot     .     (helmet restricted)
rElec  .         Spirit   .     (no cloak)
SustAb .         Warding  .     (no gloves)
rMut   .         Stasis   .     (no boots)
Gourm  .                        (no amulet)
MR     .....                    (no ring)
                                (no ring)

@: mighty, not resistant to hostile enchantments, extremely unstealthy
A: retaliatory headbutt, horns 2
a: no special abilities


You were on level 2 of the Dungeon.
You were not hungry.

You visited 1 branch of the dungeon, and saw 2 of its levels.

You collected 41 gold pieces.

Inventory:

Hand weapons
 a - a +0 war axe (weapon)
Armour
 b - a +0 scale mail (worn)
 c - a +0 shield (worn)
Comestibles
 d - 2 bread rations
 h - a meat ration
Scrolls
 g - a scroll of recharging {unknown}
 i - a scroll of enchant weapon {unknown}
 j - a scroll of amnesia {unknown}
Potions
 f - 2 potions of curing {unknown}


   Skills:
 + Level 4.3 Fighting
 + Level 3.3 Axes
 - Level 3.6 Armour
 + Level 4.2 Shields


You had 2 spell levels left.
You didn't know any spells.

Dungeon Overview and Level Annotations

Branches:
Dungeon (2/15)

Altars:

Annotations:
D:2 Sigmund


Innate Abilities, Weirdness & Mutations

You reflexively headbutt those who attack you in melee.
You have a pair of horns on your head.


Message History

You hear some strange, mumbled words.
You block the puff of flame.
You slash the worm!
The worm is heavily wounded.
You block its attack. The worm bites you.
You slash the worm!
You kill the worm!
The magic dart hits you!
You hear some strange, mumbled words.
You are confused.
Things that are here:
a club; a worm corpse; a kobold corpse You hear some strange, mumbled words.
The magic dart hits you!
* * * LOW HITPOINT WARNING * * *
Something hits you!
* * * LOW HITPOINT WARNING * * *
You feel less confused. Something hits you.
You die...

#.#.....#%#.#.##.##..
#.##........#.##..#.#
#...........#.......#
####..#.#..........##
###....#..........#
.....?..(........##
###..#.#(........#
..######..#.(...........
.......(.@.#.....#.##..#.
#........##(#.....# ..#
#.###.[..)..#.........
#.......###.#...#?##
#.###...# #.#...#.# #...#
#.##..# #...# #.# ..#
#.... ... ..# #.... ...


There were no monsters in sight!

Vanquished Creatures
  A worm (D:2)
  2 giant geckos (D:1)
  4 bats
  2 giant cockroaches (D:1)
  5 goblins (D:1)
  3 hobgoblins (D:1)
  8 kobolds
  3 giant newts
  3 rats (D:1)
31 creatures vanquished.

Notes
Turn   | Place    | Note
--------------------------------------------------------------
     0 | D:1      | BoredOne, the Minotaur Fighter, began the quest for the Orb.
     0 | D:1      | Reached XP level 1. HP: 19/19 MP: 1/1
    64 | D:1      | Reached skill level 4 in Fighting
    67 | D:1      | Reached XP level 2. HP: 22/27 MP: 1/1
   168 | D:1      | Reached skill level 4 in Shields
   287 | D:1      | Reached skill level 3 in Axes
   446 | D:1      | Reached XP level 3. HP: 33/33 MP: 2/2
   619 | D:2      | Noticed Sigmund
   628 | D:2      | HP: 4/33 [something (11)]
   629 | D:2      | Slain by Sigmund

Action                   || total
-------------------------++-------
Melee: War axe           ||    74
  Use: Potion            ||     1
Dungeon Crawl Stone Soup version 0.15-b1-63-g828a17f (webtiles) character file. 40 BoredOne the Skirmisher (level 3, -2/33 HPs) Began as a Minotaur Fighter on Aug 13, 2014. Slain by Sigmund ... wielding a +0 scythe (6 damage) ... on Level 2 of the Dungeon. The game lasted 00:02:07 (629 turns). BoredOne the Skirmisher (Minotaur Fighter) Turns: 629, Time: 00:02:07 HP -2/33 AC 6 Str 25 XL: 3 Next: 30% MP 2/2 EV 7 Int 6 God: Gold 41 SH 10 Dex 9 Spells: 0 memorised, 2 levels left rFire . . . SeeInvis . a - +0 war axe rCold . . . Clarity . b - +0 scale mail rNeg . . . rCorr . c - +0 shield rPois . rRot . (helmet restricted) rElec . Spirit . (no cloak) SustAb . Warding . (no gloves) rMut . Stasis . (no boots) Gourm . (no amulet) MR ..... (no ring) (no ring) @: mighty, not resistant to hostile enchantments, extremely unstealthy A: retaliatory headbutt, horns 2 a: no special abilities You were on level 2 of the Dungeon. You were not hungry. You visited 1 branch of the dungeon, and saw 2 of its levels. You collected 41 gold pieces. Dungeon Overview and Level Annotations Branches: Dungeon (2/15) Altars: Annotations: D:2 Sigmund Innate Abilities, Weirdness & Mutations You reflexively headbutt those who attack you in melee. You have a pair of horns on your head. Skills: + Level 4.3 Fighting + Level 3.3 Axes - Level 3.6 Armour + Level 4.2 Shields You had 2 spell levels left. You didn't know any spells. Inventory: Hand weapons a - a +0 war axe (weapon) Armour b - a +0 scale mail (worn) c - a +0 shield (worn) Comestibles d - 2 bread rations h - a meat ration Scrolls g - a scroll of recharging {unknown} i - a scroll of enchant weapon {unknown} j - a scroll of amnesia {unknown} Potions f - 2 potions of curing {unknown} Message History You hear some strange, mumbled words. You block the puff of flame. You slash the worm! The worm is heavily wounded. You block its attack. The worm bites you. You slash the worm! You kill the worm! The magic dart hits you! You hear some strange, mumbled words. You are confused. Things that are here: a club; a worm corpse; a kobold corpse You hear some strange, mumbled words. The magic dart hits you! * * * LOW HITPOINT WARNING * * * Something hits you! * * * LOW HITPOINT WARNING * * * You feel less confused. Something hits you. You die... #.#.....#%#.#.##.##.. #.##........#.##..#.# #...........#.......# ####..#.#..........## ###....#..........# .....?..(........## ###..#.#(........# ..######..#.(........... .......(.@.#.....#.##..#. #........##(#.....# ..# #.###.[..)..#......... #.......###.#...#?## #.###...# #.#...#.# #...# #.##..# #...# #.# ..# #.... ... ..# #.... ... There were no monsters in sight!

Action                   || total
-------------------------++-------
Melee: War axe           ||    74
  Use: Potion            ||     1

Vanquished Creatures
  A worm (D:2)
  2 giant geckos (D:1)
  4 bats
  2 giant cockroaches (D:1)
  5 goblins (D:1)
  3 hobgoblins (D:1)
  8 kobolds
  3 giant newts
  3 rats (D:1)
31 creatures vanquished. Notes Turn | Place | Note -------------------------------------------------------------- 0 | D:1 | BoredOne, the Minotaur Fighter, began the quest for the Orb. 0 | D:1 | Reached XP level 1. HP: 19/19 MP: 1/1 64 | D:1 | Reached skill level 4 in Fighting 67 | D:1 | Reached XP level 2. HP: 22/27 MP: 1/1 168 | D:1 | Reached skill level 4 in Shields 287 | D:1 | Reached skill level 3 in Axes 446 | D:1 | Reached XP level 3. HP: 33/33 MP: 2/2 619 | D:2 | Noticed Sigmund 628 | D:2 | HP: 4/33 [something (11)] 629 | D:2 | Slain by Sigmund

Vault maps used:
D:1:      lightli_arrival_chessboard
D:2:      first_bread, uniq_iyjb, uniq_sigmund
